 Dungeon Crawl Stone Soup version 0.19-a0-1834-g6b7851e (webtiles) character file.

13302 dobroeutro the Basher (level 12, -3/77 HPs)
             Began as a Gargoyle Fighter on Oct 9, 2016.
             Was a High Priest of Okawaru.
             Killed by Ozocubu's Refrigeration
             ... invoked by Fannar
              (25 damage)
             ... on level 12 of the Dungeon.
             The game lasted 00:17:25 (9917 turns).

dobroeutro the Basher (Gargoyle Fighter)            Turns: 9917, Time: 00:17:26

Health: -3/77      AC: 23    Str: 25    XL:     12   Next: 4%
Magic:  8/12       EV: 18    Int:  6    God:    Okawaru [*****.]
Gold:   645        SH: 18    Dex: 16    Spells: 0 memorised, 11 levels left

rFire  . . .     SeeInvis .     O - +1 flail
rCold  . . .     Gourm    .     D - +3 ring mail
rNeg   + . .     Faith    .     Y - +0 shield (curse)
rPois  ∞         Spirit   .     l - +0 helmet
rElec  +         Dismiss  .     k - +0 cloak
rCorr  .         Reflect  .     (no gloves)
MR     .....     Harm     .     (no boots)
Stlth  +++.......               v - amulet of regeneration
                                u - +4 ring of dexterity
                                x - ring of stealth

@: heroism
A: hooves 1, large bone plates 1, agile 1, dopey 1, negative energy resistance
1, electricity resistance, unbreathing, petrification resistance, rot immunity,
AC +8
a: Heroism, Finesse, Renounce Religion


You were on level 12 of the Dungeon.
You worshipped Okawaru.
Okawaru was extremely pleased with you.
You were not hungry.

You visited 1 branch of the dungeon, and saw 12 of its levels.
You also visited: Sewer.

You collected 645 gold pieces.

Inventory:

Hand Weapons
 a - a +0 flail
 w - a cursed -3 battleaxe
 O - a +1 flail (weapon)
Armour
 b - a +0 scale mail
 c - a +0 shield
 k - a +0 cloak (worn)
 l - a +0 helmet (worn)
 D - a +3 ring mail (worn)
 Y - a cursed +0 shield (worn)
Jewellery
 s - an uncursed ring of flight
 u - a +4 ring of dexterity (right hand)
 v - an amulet of regeneration (around neck)
 x - a ring of stealth (left hand)
 M - an uncursed ring of ice
 T - a +3 ring of intelligence
Wands
 n - a wand of digging (6/24)
 r - a wand of acid (12/15)
 A - a wand of iceblast (4/15)
 C - a wand of iceblast (9/15)
 P - a wand of acid (5/15)
 Q - a wand of teleportation (4/9)
Scrolls
 e - 7 scrolls of identify
 h - 6 scrolls of teleportation
 t - a scroll of enchant weapon {unknown}
 y - 3 scrolls of fear
 E - 4 scrolls of magic mapping {unknown}
 H - a scroll of fog
 I - a scroll of holy word {unknown}
 J - 2 scrolls of recharging {unknown}
 K - a scroll of vulnerability {unknown}
 L - a scroll of remove curse
 S - a scroll of amnesia {unknown}
 V - 2 scrolls of immolation {unknown}
 X - a scroll of enchant armour {unknown}
Potions
 d - 2 potions of might
 j - 4 potions of lignification
 m - 4 potions of curing
 o - 3 potions of heal wounds
 p - 4 potions of agility
 q - 2 potions of berserk rage
 z - 4 potions of degeneration
 B - a potion of ambrosia
 F - a potion of magic
 G - a potion of haste
 N - a potion of brilliance
 R - 2 potions of cure mutation
Comestibles
 f - 4 bread rations
 g - 6 meat rations
 i - 16 fruits
 W - 2 beef jerkies


   Skills:
 + Level 10.0(15.0) Fighting
 * Level 12.1(17.1) Maces & Flails
 + Level 9.7(14.7) Armour
 + Level 4.9(9.9) Dodging
 + Level 7.4(12.4) Shields


You had 11 spell levels left.
You didn't know any spells.

Dungeon Overview and Level Annotations

Branches:
Dungeon (12/15)            Temple (0/1) D:5            Lair (0/6) D:8
    Orc (0/2) D:9

Altars:
Ashenzari
Cheibriados
Dithmenos
Elyvilon
Gozag
Hepliaklqana
Kikubaaqudgha
Makhleb
Okawaru
Sif Muna
Trog
Xom
Yredelemnul
Zin

Annotations:
D:12 Fannar


Innate Abilities, Weirdness & Mutations

You are resistant to torment.
Your stone body is resilient. (AC +8)
You are immune to poison.
You resist negative energy. (rN+)
You are resistant to electric shocks. (rElec)
You can survive without breathing.
You are immune to petrification.
You are immune to rotting.
You have large cloven feet.
You are partially covered in large bone plates. (SH +4)
You are agile. (Dex +2)
You are dopey. (Int -2)


Message History

You hit Fannar. You kick Fannar, but do no damage.
Fannar is almost dead.
The ice beast completely misses you. Fannar completely misses you.
The ice beast completely misses you. The ice beast hits you.
The ice beast freezes you!
You closely miss Fannar. Your kick misses Fannar.
Fannar is almost dead.
The ice beast hits you but does no damage.
Fannar gestures at you while chanting. The bolt of cold hits you!
* * * LOW HITPOINT WARNING * * *
The ice beast hits you but does no damage.
You feel more confident with your borrowed prowess.
The ice beast hits you but does no damage.
You block the ice beast's attack.
The ice beast hits you but does no damage.
Fannar gestures wildly while chanting.
Fannar drains the heat from the surrounding environment!
You feel very cold.
You die...

.... ..#
#################..#
#..................#
#..................#
#..................###
#####..................
#..................
#......Y@..........
#......eYY......######
#...............#....+
#......[........#....#
#...#############....#
##..#................#
#..###'##..######...####
##......#..# #.......
#......#..+ #.....##


You could see Fannar and 3 ice beasts.

Vanquished Creatures
  The ghost of Avanven the Grappler, a journeyman TrWr of Okawaru (D:12)
  The ghost of hurricos the Slicer, a journeyman VSGl of Uskayaw (D:11)
  An unseen horror (D:10)
  5 hill giants (D:11)
  A cyclops (D:12)
  A centaur zombie (D:12)
  Maurice (D:8)
  A komodo dragon (D:11)
  The ghost of Iwannabefree the Skirmisher, an amateur CeAM (D:5)
  A troll (D:10)
  3 two-headed ogres
  3 hippogriffs (D:11)
  The ghost of dobroeutro the Covered, an amateur GrFi of Okawaru (D:4)
  A wyvern (D:9)
  4 yaks
  A basilisk (D:12)
  3 hungry ghosts
  A water moccasin (D:9)
  An orc warrior (D:9)
  An ice beast (D:10)
  2 phantoms
  A sky beast (D:6)
  A black bear (D:6)
  3 ogres
  A necrophage (D:10)
  8 centaurs
  A crocodile (Sewer)
  4 bullfrogs
  A big kobold (D:9)
  A gnoll sergeant (D:8)
  A wyvern skeleton (D:8)
  4 scorpions
  3 jellies
  4 killer bees (D:10)
  8 wights
  A howler monkey (D:5)
  7 crimson imps
  A bullfrog zombie (D:9)
  4 hounds
  4 bullfrog skeletons
  4 orc priests
  4 centaur skeletons
  Natasha (twice) (D:3)
  2 iguanas
  10 orc wizards
  2 worker ants
  A killer bee zombie (D:5)
  A hound skeleton (D:11)
  2 worker ant zombies
  12 gnolls
  12 adders
  A shadow imp (D:5)
  3 oozes
  2 adder skeletons
  5 worms
  A dart slug (D:1)
  6 leopard geckos
  34 orcs
  8 giant cockroaches
  5 goblins
  8 hobgoblins
  12 jackals
  5 quokkas
  2 ball pythons
  8 bats
  6 frilled lizards
  14 kobolds
  7 rats
272 creatures vanquished.

Vanquished Creatures (others)
  7 toadstools (D:1)
7 creatures vanquished.

Grand Total: 279 creatures vanquished

Notes
Turn   | Place    | Note
-------+----------+-------------------------------------------
     0 | D:1      | dobroeutro the Gargoyle Fighter began the quest for the Orb.
     0 | D:1      | Reached XP level 1. HP: 14/14 MP: 1/1
   152 | D:1      | Reached XP level 2. HP: 19/19 MP: 2/2
   912 | D:2      | Reached XP level 3. HP: 11/23 MP: 3/3
  1003 | D:2      | Reached skill level 3 in Maces & Flails
  1169 | D:2      | Found an iron altar of Okawaru.
  1191 | D:2      | Became a worshipper of Warmaster Okawaru
  1283 | D:2      | Reached XP level 4. HP: 27/29 MP: 4/4
  1794 | D:3      | Reached XP level 5. HP: 23/33 MP: 5/5
  1849 | D:3      | Reached skill level 4 in Maces & Flails
  1924 | D:3      | Noticed Natasha
  1931 | D:3      | Killed Natasha
  1961 | D:3      | Found a glowing drain.
  2003 | Sewer    | Entered a sewer
  2043 | Sewer    | Reached XP level 6. HP: 26/39 MP: 6/6
  2112 | Sewer    | Reached * piety under Okawaru
  2541 | D:3      | Noticed Natasha
  2559 | D:3      | Killed Natasha
  2559 | D:3      | Reached skill level 5 in Maces & Flails
  2919 | D:3      | Found an opulent altar of Gozag.
  3046 | D:4      | Reached skill level 5 in Fighting
  3206 | D:4      | Reached XP level 7. HP: 23/44 MP: 7/7
  3243 | D:4      | Reached skill level 5 in Armour
  3501 | D:4      | Reached skill level 6 in Maces & Flails
  3925 | D:4      | Noticed dobroeutro's ghost (amateur GrFi)
  3964 | D:4      | Killed dobroeutro's ghost
  3964 | D:4      | Reached XP level 8. HP: 39/51 MP: 8/8
  4129 | D:5      | Entered Level 5 of the Dungeon
  4167 | D:5      | Noticed Iwannabefree's ghost (amateur CeAM)
  4215 | D:5      | Killed Iwannabefree's ghost
  4215 | D:5      | Reached ** piety under Okawaru
  4215 | D:5      | Reached skill level 7 in Maces & Flails
  4584 | D:5      | Found a staircase to the Ecumenical Temple.
  4768 | D:6      | Found a white marble altar of Elyvilon.
  4794 | D:6      | Found a bloodstained altar of Trog.
  4828 | D:6      | Reached skill level 8 in Maces & Flails
  4902 | D:6      | Found an opulent altar of Gozag.
  5095 | D:6      | Reached XP level 9. HP: 52/56 MP: 9/9
  5198 | D:6      | Found a hazy altar of Hepliaklqana.
  5399 | D:6      | Gained mutation: You have a pair of small antennae on your head. [mutagenic meat]
  5402 | D:6      | Gained mutation: You have large cloven feet. [mutagenic meat]
  5405 | D:6      | Lost mutation: You have a pair of small antennae on your head. [mutagenic meat]
  5572 | D:7      | Found a shadowy altar of Dithmenos.
  5744 | D:7      | Found a shimmering altar of Xom.
  5759 | D:7      | Reached *** piety under Okawaru
  5774 | D:7      | Reached skill level 9 in Maces & Flails
  5811 | D:7      | Found a shattered altar of Ashenzari.
  6041 | D:8      | Found a staircase to the Lair.
  6123 | D:8      | Found a glowing silver altar of Zin.
  6131 | D:8      | Noticed a two-headed ogre
  6134 | D:8      | Killed a two-headed ogre
  6202 | D:8      | Reached skill level 1 in Dodging
  6294 | D:8      | Noticed Maurice
  6345 | D:8      | Killed Maurice
  6713 | D:8      | Reached XP level 10. HP: 55/64 MP: 10/10
  6770 | D:8      | Reached **** piety under Okawaru
  7033 | D:9      | Found an ancient bone altar of Kikubaaqudgha.
  7040 | D:9      | Found an iron altar of Okawaru.
  7046 | D:9      | Reached skill level 10 in Maces & Flails
  7054 | D:9      | Found a burning altar of Makhleb.
  7056 | D:9      | Found a deep blue altar of Sif Muna.
  7116 | D:9      | Found a staircase to the Orcish Mines.
  7230 | D:9      | Found a basalt altar of Yredelemnul.
  7442 | D:9      | Reached skill level 5 in Shields
  7755 | D:9      | Found a snail-covered altar of Cheibriados.
  7878 | D:10     | Entered Level 10 of the Dungeon
  7966 | D:10     | Reached ***** piety under Okawaru
  8093 | D:10     | Gained mutation: You are dopey. (Int -2) [potion of mutation]
  8093 | D:10     | Gained mutation: You are partially covered in large bone plates. (SH +4) [potion of mutation]
  8093 | D:10     | Gained mutation: You are agile. (Dex +2) [potion of mutation]
  8228 | D:10     | HP: 2/65 [something (7)]
  8237 | D:10     | HP: 3/65 [something (4)]
  8241 | D:10     | Killed an unseen horror
  8543 | D:11     | Noticed a hill giant
  8563 | D:11     | Killed a hill giant
  8563 | D:11     | Reached skill level 11 in Maces & Flails
  8563 | D:11     | Reached XP level 11. HP: 40/71 MP: 8/11
  8670 | D:11     | Received a gift from Okawaru
  8824 | D:11     | Noticed hurricos's ghost (journeyman VSGl)
  8868 | D:11     | Killed hurricos's ghost
  8876 | D:11     | Noticed a hill giant
  8888 | D:11     | Killed a hill giant
  8950 | D:11     | Noticed a hill giant
  8962 | D:11     | Killed a hill giant
  9178 | D:11     | Noticed a hill giant
  9192 | D:11     | Killed a hill giant
  9192 | D:11     | Received a gift from Okawaru
  9516 | D:12     | Noticed Avanven's ghost (journeyman TrWr)
  9522 | D:12     | Noticed a hill giant
  9546 | D:11     | Killed a hill giant
  9546 | D:11     | Reached skill level 12 in Maces & Flails
  9715 | D:12     | Killed Avanven's ghost
  9715 | D:12     | Reached XP level 12. HP: 26/77 MP: 12/12
  9851 | D:12     | Reached skill level 10 in Fighting
  9876 | D:12     | Noticed Fannar
  9917 | D:12     | Killed from afar by Fannar

Vault maps used:
D:1:      nagdon_arrival_double_spiral
D:2:      wad_lake_hut, okawaru_metal_pillars_3
D:3:      lemuel_round_altar, first_bread, gup_sewer_entry_glass,
          solitary_fountain, uniq_natasha
D:4:      kennysheep_generic_room_14
D:6:      bloody_trog, lemuel_coloured_pillars_altar, basic_altar,
          elyvilon_altar_1
D:7:      nicolae_overflow_hidden_temple, lemuel_crystal_altar, basic_altar
D:8:      overflow_temple_1_default, lair_0_dummy, uniq_maurice
D:9:      lemuel_round_altar, kiku_gazebo_garden_becter, slow_altar_2,
          grunt_temple_overflow_open, orc_0_dummy
D:12:     uniq_psyche, uniq_fannar
Sewer:    sewer_the_crocodile

Skill      XL: |  1  2  3  4  5  6  7  8  9 10 11 12 |
---------------+-------------------------------------+-----
Maces & Flails | 3 4 5 6 8 9 11 12 | 12.1
Fighting       | 4 5 6 8 9 10 | 10.0
Armour         | 4 5 6 7 8 9 |  9.7
Dodging        | 1 3 4 |  4.9
Shields        | 4 6 7 |  7.4

Action                   |  1- 3 |  4- 6 |  7- 9 | 10-12 || total
-------------------------+-------+-------+-------+-------++-------
Melee: Flail             |   138 |   302 |   437 |   737 ||  1614
       Kick              |       |       |    72 |   319 ||   391
Invok: Heroism           |       |       |       |     6 ||     6
Evoke: Wand              |       |       |     1 |       ||     1
  Use: Scroll            |       |     7 |     3 |     8 ||    18
       Potion            |       |     1 |       |     5 ||     6
 Stab: Sleeping          |       |       |     6 |     1 ||     7
  Eat: Chunk             |     2 |     7 |     7 |     8 ||    24
       Bread ration      |       |       |     1 |       ||     1
       Meat ration       |       |       |     1 |     1 ||     2
       Royal jelly       |       |       |     1 |       ||     1
       Pizza             |       |       |     1 |       ||     1
Armor: Scale mail        |    87 |   191 |    94 |       ||   372
       Ring mail         |       |       |   153 |   322 ||   475
Dodge: Dodged            |    37 |   112 |   108 |   256 ||   513
Block: Shield            |    75 |   173 |   236 |   496 ||   980
